 Dungeon Crawl Stone Soup version 0.30-a0-557-ge2afbf3030 (webtiles) character file.

Game seed: 17184054262901590106

8344 Dirtsage the Transmogrifier (level 11, -7/74 HPs)
             Began as an Octopode Transmuter on Dec 27, 2022.
             Was a Believer of the Shining One.
             Mangled by a catoblepas (8 damage)
             ... while petrified by a catoblepas
             ... on level 2 of the Lair of Beasts.
             The game lasted 00:26:28 (10044 turns).

Dirtsage the Transmogrifier (Octopode Transmuter)  Turns: 10044, Time: 00:26:29

Health: -7/74      AC:  5    Str: 10    XL:     11   Next: 29%
Magic:  11/16      EV:  2    Int: 26    God:    the Shining One [**....]
Gold:   137        SH:  0    Dex: 18    Spells: 10/17 levels left

rFire   + . .      SeeInvis .      - Unarmed
rCold   . . .      Faith    +    (no shield)
rNeg    + + +      Spirit   .    J - +0 hat
rPois   ∞          Reflect  .    C - amulet of faith
rElec   .          Harm     .    n - +6 ring of dexterity
rCorr   .          Rampage  .    o - ring of flight
Will    .....                    I - ring of protection from cold
Stlth   +                        K - +6 ring of intelligence
HPRegen 0.32/turn                c - ring of fire
MPRegen 0.15/turn                L - +4 ring of protection
                                 (no ring)
                                 (no ring)

@: divinely shielded, petrified, flying, glowing
A: almost no armour, amphibious, 8 rings, camouflage 1, gelatinous body 1,
(nimble swimmer 1), tentacles
a: Renounce Religion, Divine Shield


You were on level 2 of the Lair of Beasts.
You worshipped the Shining One.
The Shining One was pleased with you.
You visited 3 branches of the dungeon, and saw 11 of its levels.
You also visited: Sewer.

You collected 497 gold pieces.
You spent 360 gold pieces at shops.

Inventory:

Missiles
 k - 2 curare-tipped darts
Armour
 J - a +0 hat (worn)
Magical Staves
 N - a staff of earth
Jewellery
 c - a ring of fire (on tentacle)
 n - a +6 ring of dexterity (left tentacle)
 o - a ring of flight (right tentacle)
 x - a ring of ice
 C - an amulet of faith (around mantle)
 I - a ring of protection from cold (on tentacle)
 K - a +6 ring of intelligence (on tentacle)
 L - a +4 ring of protection (on tentacle)
Wands
 y - a wand of charming (7)
Scrolls
 e - 2 scrolls of acquirement {unknown}
 f - 2 scrolls of noise {unknown}
 g - a scroll of fear
 p - 2 scrolls of butterflies {unknown}
 s - 2 scrolls of fog {unknown}
 t - 5 scrolls of teleportation
 v - a scroll of poison {unknown}
 w - a scroll of silence {unknown}
 A - 3 scrolls of enchant armour {unknown}
 B - 3 scrolls of blinking
 D - a scroll of vulnerability {unknown}
 F - 3 scrolls of enchant weapon {unknown}
 G - 2 scrolls of amnesia {unknown}
 M - a scroll of immolation {unknown}
Potions
 a - 2 potions of lignification
 b - 3 potions of invisibility
 d - 2 potions of might
 h - 4 potions of haste
 j - 3 potions of brilliance
 l - 2 potions of heal wounds
 m - a potion of mutation
 q - 3 potions of curing
 r - 4 potions of attraction
 u - a potion of cancellation
 z - a potion of flight
 E - a potion of magic
 H - 9 potions of ambrosia


   Skills:
 + Level 6.4 Fighting
 + Level 5.2 Dodging
 * Level 8.6 Unarmed Combat
 - Level 3.7 Spellcasting
 * Level 9.5 Transmutations
 - Level 7.0 Ice Magic
 * Level 4.6 Invocations


You had 10 spell levels left.
You knew the following spells:

 Your Spells              Type           Power      Damage    Failure   Level
a - Beastly Appendage     Tmut           100%       N/A       1%          1
b - Wereblood             Tmut           53%        N/A       1%          2
c - Ice Form              Ice/Tmut       47%        N/A       3%          4

Your spell library contained the following spells:

 Spells                   Type           Power      Damage    Failure   Level
 Spider Form              Tmut/Pois      29%        N/A       3%          3
 Inner Flame              Hex/Fire       7%         N/A       26%         3
 Flame Wave               Conj/Fire      7%         2d5       65%         4
 Sticky Flame             Conj/Fire      7%         2d3       65%         4


Dungeon Overview and Level Annotations

Branches:
Dungeon (8/15)             Temple (1/1) D:7            Lair (2/5) D:8
  Sewer (visited)
  Swamp: Lair:2-3    Shoals: Lair:2-3     Snake: Lair:2-3    Spider: Lair:2-3

Altars:
Ashenzari
Cheibriados
Dithmenos
Elyvilon
Fedhas
Gozag
Hepliaklqana
Kikubaaqudgha
Makhleb
Nemelex Xobeh
Qazlal
Ru
Sif Muna
Trog
Uskayaw
Vehumet
Wu Jian
Xom
Yredelemnul
Zin
The Shining One

Shops:
D:1 =

Annotations:
Lair:1 exclusions: 3 electric eels and 2 more exclusions


Innate Abilities, Weirdness & Mutations

You cannot wear most types of armour.
You are amphibious.
You can wear up to eight rings at the same time.
Your skin changes colour to match your surroundings (Stealth+).
Your rubbery body absorbs attacks. (AC +1, EV +1)
((You are camouflaged when in or above water. (Stealth+)))
You have tentacles for arms and can constrict up to eight enemies at once.


Message History

You feel magically purged.
You are engulfed in calcifying dust.
You are slowing down.
You warm up again.
Your +0 hat unmelds from your body.
The catoblepas breathes a plume of calcifying dust at you.
The blast of calcifying dust hits you. The catoblepas gores you.
The komodo dragon hisses angrily.
You now have 58/74 hp.
Unknown command.
Okay, then.
As you read the scroll labelled IHAROU TADUNA, it crumbles to dust.
You feel strangely unstable.
It was a scroll of teleportation.
t - 5 scrolls of teleportation;
j - 3 potions of brilliance You are engulfed in calcifying dust.
The catoblepas snuffles in challenge.
The catoblepas gores you!!
You have turned to stone.
You are engulfed in calcifying dust.
The komodo dragon bites you!! The catoblepas gores you!!
* * * LOW HITPOINT WARNING * * *
You are engulfed in calcifying dust.
Your surroundings seem slightly different.
The komodo dragon is engulfed in calcifying dust.
The komodo dragon is moving more slowly.
The komodo dragon barely misses you.
The catoblepas breathes a plume of calcifying dust at you.
The blast of calcifying dust hits you.
* * * LOW HITPOINT WARNING * * *
You are engulfed in calcifying dust.
The komodo dragon bites you!
* * * LOW HITPOINT WARNING * * *
You are engulfed in calcifying dust.
The komodo dragon bites you!
* * * LOW HITPOINT WARNING * * *
The catoblepas gores you but does no damage.
You are engulfed in calcifying dust.
The komodo dragon bites you!
* * * LOW HITPOINT WARNING * * *
The catoblepas gores you!
* * * LOW HITPOINT WARNING * * *
You are engulfed in calcifying dust.
The komodo dragon bites you! The Shining One protects you from harm!
The catoblepas gores you!
You die...

# #.......### .#....
....####......... ......
............. ..## .#....
...# ....... ...# ......
#..# ##....###..###.#....
#..# #.....#P............
#..# #....##.<..........
#..## #.Y..#.............
#<..# #.@l..#.#.....#....
#..P##>.§...#..#....##.#.
.l.##...§............####
.....................#.##.
...........................
...............####.........
...............P# #.........
.....#.#..?....###
#.#....... ...P ###..##..#


You could see a catoblepas and a komodo dragon (petrifying).

Vanquished Creatures
  Erica (D:8)
  A two-headed ogre (D:8)
  A boulder beetle (Lair:1)
  A komodo dragon (Lair:1)
  A queen bee (Lair:1)
  Prince Ribbit (D:8)
  2 wyverns
  Eustachio (D:6)
  A yak (D:8)
  A basilisk (Lair:1)
  2 steam dragons
  5 water moccasins
  2 black bears
  An orc warrior (D:8)
  4 ice beasts
  5 wolves
  2 centaurs
  3 phantoms
  A kobold brigand (Sewer)
  A necrophage (D:4)
  7 bullfrogs
  4 scorpions
  27 killer bees
  A howler monkey (D:5)
  5 orc priests
  2 gnoll boudas
  3 hounds
  3 jellies
  6 iguanas
  Jessica (D:3)
  An orc wizard (D:6)
  11 gnolls
  12 adders
  6 river rats (Sewer)
  A shadow imp (D:8)
  2 white imps
  3 ufetubi
  A worm (D:4)
  A dart slug (D:5)
  18 orcs
  6 bats
  3 endoplasms
  8 giant cockroaches
  6 goblins
  6 hobgoblins
  9 jackals
  3 quokkas
  8 ball pythons
  9 frilled lizards
  9 kobolds
  6 rats
225 creatures vanquished.

Vanquished Creatures (collateral kills)
  An orc (D:8)
1 creature vanquished.

Vanquished Creatures (others)
  11 fungi
  27 plants
38 creatures vanquished.

Grand Total: 264 creatures vanquished

Notes
Turn   | Place    | Note
-------+----------+-------------------------------------------
     0 | D:1      | Dirtsage the Octopode Transmuter began the quest for the
                  | Orb.
     0 | D:1      | Reached XP level 1. HP: 13/13 MP: 3/3
    96 | D:1      | Reached skill level 1 in Ice Magic
    96 | D:1      | Reached XP level 2. HP: 16/18 MP: 5/5
   344 | D:1      | Found Nulor's Jewellery Shop.
   679 | D:2      | Identified the +10 dagger of Yesterday {drain, rC+}
   712 | D:2      | Found a faded altar of an unknown god.
   839 | D:2      | Reached XP level 3. HP: 23/23 MP: 6/6
  1062 | D:2      | Reached skill level 3 in Transmutations
  1420 | D:3      | Found a faded altar of an unknown god.
  1424 | D:3      | Found a hide-covered altar of Uskayaw.
  1584 | D:3      | Found a glowing drain.
  1598 | D:3      | Reached XP level 4. HP: 28/28 MP: 7/7
  1618 | Sewer    | Entered a sewer
  1759 | Sewer    | Noticed a kobold brigand
  1765 | Sewer    | Learned a level 2 spell: Wereblood
  1770 | Sewer    | Reached XP level 5. HP: 33/33 MP: 5/8
  1774 | Sewer    | Killed a kobold brigand
  1775 | Sewer    | Reached skill level 4 in Transmutations
  2086 | Sewer    | Reached XP level 6. HP: 39/39 MP: 9/9
  2215 | D:3      | Noticed Jessica
  2225 | D:3      | Killed Jessica
  2365 | D:3      | Learned a level 4 spell: Ice Form
  2546 | D:4      | Noticed a black bear
  2556 | D:4      | Killed a black bear
  2557 | D:4      | Reached XP level 7. HP: 23/45 MP: 10/10
  2830 | D:4      | Reached skill level 5 in Transmutations
  3204 | D:4      | Reached skill level 5 in Ice Magic
  3394 | D:4      | Found a glowing golden altar of the Shining One.
  3398 | D:4      | Became a worshipper of the Shining One
  3412 | D:5      | Entered Level 5 of the Dungeon
  3425 | D:5      | Reached XP level 8. HP: 36/52 MP: 9/11
  3673 | D:5      | Reached skill level 6 in Transmutations
  4890 | D:6      | Reached * piety under the Shining One
  4924 | D:6      | Reached skill level 5 in Unarmed Combat
  4924 | D:6      | Reached XP level 9. HP: 58/58 MP: 3/12
  5068 | D:6      | Reached skill level 7 in Transmutations
  5132 | D:6      | Found a basalt altar of Yredelemnul.
  5451 | D:6      | Noticed Eustachio
  5470 | D:6      | Killed Eustachio
  6080 | D:7      | Found a staircase to the Ecumenical Temple.
  6413 | D:7      | Reached skill level 5 in Fighting
  6671 | Temple   | Entered the Ecumenical Temple
  6807 | D:8      | Reached XP level 10. HP: 38/66 MP: 12/14
  6875 | D:8      | Reached ** piety under the Shining One
  7021 | D:8      | Noticed a two-headed ogre
  7123 | D:8      | Reached skill level 8 in Transmutations
  7143 | D:8      | Killed a two-headed ogre
  7233 | D:8      | Found a staircase to the Lair.
  7472 | D:8      | Noticed Prince Ribbit
  7482 | D:8      | Killed Prince Ribbit
  7537 | D:8      | Noticed Erica
  7552 | D:8      | Killed Erica
  7945 | D:8      | Found a broken altar of Ashenzari.
  8002 | Lair:1   | Entered Level 1 of the Lair of Beasts
  8766 | D:1      | Bought a +4 ring of protection for 360 gold pieces
  9095 | Lair:1   | Reached skill level 9 in Transmutations
  9125 | Lair:1   | Reached XP level 11. HP: 67/72 MP: 13/16
  9150 | Lair:1   | Reached skill level 5 in Dodging
  9259 | Lair:1   | Noticed a boulder beetle
  9287 | Lair:1   | Killed a boulder beetle
  9977 | Lair:2   | Identified the +4 chain mail "Beobreb" {+Blink rN+ Will-
                  | rCorr}
 10028 | Lair:2   | Noticed a catoblepas
 10043 | Lair:2   | HP: 1/74 [catoblepas (3)]
 10044 | Lair:2   | The Shining One protects you from harm!
 10044 | Lair:2   | Mangled by a catoblepas

Illustrated notes

Levels and vault maps discovered:
D:1:      kennysheep_arrival_forest, layout_basic, serial_shops, shop
D:2:      layout_loops_cross, hellmonk_ecumenical_altar_run_dry, st_stairs_1
D:3:      layout_basic, nicolae_overflow_ecumenical_swirl,
          gup_sewer_entry_glass, chequers_jeans, kennysheep_crisscross,
          uniq_jessica
D:4:      layout_rooms, tso_oasis_becter, corner_web_ring, st_stairs_11
D:5:      layout_cave_pods
D:6:      layout_loops_ring, nicolae_overflow_crystal_walls, uniq_eustachio
D:7:      layout_loops_corners, minmay_temple_entry_drinking_statues
D:8:      layout_basic, lemuel_coloured_pillars_altar,
          grunt_lair_entry_orc_guard_hut, uniq_erica, uniq_prince_ribbit1
Temple:   sentei_temple_godly_chess
Lair:1:   layout_cave_pods, special_room [special_room_bee], disabler_island
Lair:2:   layout_gridlike, skrybe_swamp_entry_bodies,
          spider_nest_entry_web_field

Skill      XL: |  1  2  3  4  5  6  7  8  9 10 11 |
---------------+----------------------------------+-----
Ice Magic      | 1 2 3 4 5 6 7 |  7.0
Transmutations | 3 4 5 6 7 9 |  9.5
Fighting       | 2 3 4 5 6 |  6.4
Unarmed Combat | 4 5 6 8 |  8.6
Dodging        | 3 4 5 |  5.2
Spellcasting   | 3 |  3.7
Invocations    | 3 4 |  4.6

Action                   |  1- 3 |  4- 6 |  7- 9 | 10-12 || total
-------------------------+-------+-------+-------+-------++-------
Melee: Unarmed           |    32 |       |   194 |   158 ||   384
       Kick              |     4 |     1 |     2 |       ||     7
       Constrict         |    11 |    18 |    11 |       ||    40
       Dagger            |    25 |    78 |    53 |       ||   156
       Tentacles         |     5 |    10 |    14 |       ||    29
       Punch             |     1 |     2 |     1 |       ||     4
 Cast: Beastly Appendage |     1 |     1 |     3 |       ||     5
       Wereblood         |       |     1 |     1 |     1 ||     3
       Ice Form          |       |       |    24 |    20 ||    44
Invok: Divine Shield     |       |       |       |     2 ||     2
Evoke: Wand              |       |       |       |     2 ||     2
  Use: Scroll            |       |       |     5 |     9 ||    14
       Potion            |       |       |     1 |     2 ||     3
 Stab: Sleeping          |     9 |     2 |     3 |       ||    14
Armor: Skin              |     2 |     2 |    55 |    62 ||   121
Dodge: Dodged            |    35 |    45 |   133 |    87 ||   300

Table legend: (Time is in decaauts)
 A = Elapsed time spent in this place.
 B = Non-inter-level travel time spent in this place.
 C = Inter-level travel time spent in this place.
 D = Time resting spent in this place.
 E = Time spent auto-exploring this place.
 F = Levels seen in this place.
 G = Mean time per level.
                   A        B        C        D        E       F      G
               +--------+--------+--------+--------+--------+-----+--------+
         Total |  10003 |   9147 |    856 |    744 |   6636 |  12 |  833.6 |
       Dungeon |   7723 |   7010 |    713 |    539 |   5165 |   8 |  965.4 |
        Temple |      9 |      5 |      4 |      0 |      0 |   1 |    9.0 |
          Lair |   1689 |   1551 |    138 |    205 |   1061 |   2 |  844.5 |
         Sewer |    580 |    580 |      0 |      0 |    410 |   1 |  580.0 |
               +--------+--------+--------+--------+--------+-----+--------+

Top non-repeatable levels by time:
  Lair:1: 1583 daAuts
     D:8: 1342 daAuts
     D:5: 1288 daAuts
     D:7: 1099 daAuts
     D:6: 1055 daAuts
     D:3: 932 daAuts
     D:1: 722 daAuts
     D:2: 699 daAuts
     D:4: 581 daAuts
   Sewer: 580 daAuts
  Lair:2: 106 daAuts
  Temple: 9 daAuts
